Map: Data-C

Players

ZiaMonk - Winner!

  • Race: Terran Terran
  • League: Silver
  • Spawn Location: 3:00

LawfulFelafe

  • Race: Zerg Zerg
  • Spawn Location: 9:00

VOD

Have the link to the VOD?

Description

i am zerg

Time

  • Played on: Aug. 27, 2022, 8:47 p.m.
  • Length: 27:01
Show
View Real Time Build Order
Export as new Build Order

ZiaMonk Terran - Winner!

Build Orders:  

Get SALT Encoding   

  12  0:01  SCV  
  13  0:13  SCV  
  14  0:25  SCV  
  14  0:28  Supply Depot  
  15  0:36  Refinery  
  15  0:40  Refinery  
  15  0:49  SCV  
  16  0:54  Barracks  
  16  1:01  SCV  
  17  1:24  SCV  
  18  1:36  SCV  
  19  1:42  Supply Depot  
  19  1:45  Factory, Barracks Reactor  
  19  1:49  SCV  
  20  1:56  Supply Depot  
  20  2:01  SCV  
  21  2:13  SCV  
  22  2:20  Supply Depot  
  22  2:25  SCV, Marine  
  22  2:26  Marine  
  25  2:32  Factory Tech Lab  
  25  2:40  Orbital Command  
  25  2:52  Siege Tank  
  28  2:58  Marine  
  28  2:59  Marine  
  30  3:15  Engineering Bay  
  30  3:16  Marine x2  
  32  3:34  Marine x2  
  34  3:43  Starport  
  34  3:44  Terran Infantry Weapons Level 1  
  34  3:52  Marine x2  
  36  3:59  Supply Depot  
  36  4:10  Marine x2  
  38  4:22  Siege Tank  
  41  4:27  Bunker, Marine  
  41  4:28  Starport Reactor, Marine  
  43  4:53  Supply Depot  
  43  4:56  Missile Turret  
  43  5:07  Marine  
  43  5:08  Marine  
  45  5:17  Missile Turret  
  45  5:18  Medivac  
  47  5:24  Medivac  
  47  5:25  Marine x2  
  51  5:38  Hi-Sec Auto Tracking  
  51  5:43  Marine x2  
  53  5:53  Supply Depot  
  53  6:01  Marine x2  
  55  6:19  Marine x2  
  55  6:24  Command Center  
  57  6:35  Terran Infantry Armor Level 1  
  57  6:38  Viking x2  
  61  6:49  Supply Depot  
  61  7:14  Viking x2  
  65  7:25  Missile Turret  
  65  7:43  SCV  
  66  7:48  Missile Turret  
  66  7:55  SCV  
  67  8:07  SCV  
  69  8:20  SCV  
  54  8:35  Planetary Fortress  
  54  8:40  Marine x2  
  53  8:47  Viking x2  
  57  8:58  Marine x2  
  55  9:15  Marine  
  55  9:16  Marine  
  57  9:17  Viking x2  
  57  9:21  Missile Turret  
  57  9:23  SCV  
  62  9:33  Marine  
  62  9:34  Marine  
  62  9:35  SCV  
  65  9:47  SCV  
  65  9:50  Missile Turret  
  65  9:51  Missile Turret  
  65  9:52  Missile Turret  
  66  9:54  Missile Turret  
  66  9:57  Refinery  
  66  9:59  SCV  
  67  10:00  Refinery  
  67  10:11  SCV  
  67  10:12  Missile Turret  
  68  10:15  Missile Turret  
  68  10:17  Marine x2  
  70  10:27  Viking x2  
  74  10:34  Marine  
  74  10:35  Marine  
  76  10:52  Marine x2  
  76  10:54  Missile Turret  
  78  10:57  Viking x2  
  78  11:03  Starport  
  82  11:10  Marine x2  
  80  11:29  Viking x2  
  80  11:37  Armory  
  80  11:42  Neosteel Armor  
  80  11:57  SCV  
  80  11:59  Viking x2  
  77  12:09  SCV  
  77  12:14  Starport Reactor  
  78  12:29  Viking x2, Terran Vehicle Weapons Level 1  
  82  12:59  Viking x2  
  73  13:20  Marine  
  73  13:21  Marine  
  73  13:22  Terran Infantry Weapons Level 2  
  70  13:38  Marine  
  70  13:39  Marine  
  70  13:56  Marine x2  
  56  14:13  Viking x4  
  56  14:14  Marine x2  
  64  14:23  Terran Ship Weapons Level 1  
  64  14:35  Marine x2  
  66  14:43  Viking x4  
  74  14:53  Marine x2  
  76  15:11  Marine x2  
  76  15:13  Viking x3  
  76  15:29  Marine x2  
  78  15:39  Viking  
  80  15:42  Viking  
  80  15:43  Viking x2  
  80  15:47  Marine x2  
  78  16:09  Viking  
  80  16:12  Viking  
  80  16:13  Viking x2  
  86  16:18  Command Center  
  81  16:39  Viking  
  78  16:42  Viking  
  78  16:43  Viking  
  78  16:45  Refinery  
  78  16:47  Refinery  
  72  16:57  Viking  
  62  17:03  Marine  
  62  17:04  Marine  
  64  17:09  Viking  
  64  17:12  Viking  
  64  17:13  Viking  
  70  17:21  Marine x2  
  72  17:27  Viking  
  74  17:31  Planetary Fortress  
  74  17:39  Marine x2  
  74  17:40  Missile Turret  
  76  17:57  Marine x2  
  78  18:18  Viking x2  
  78  18:19  Viking  
  155  18:20  Viking  
  72  18:35  Missile Turret  
  72  18:40  Missile Turret  
  72  18:42  Missile Turret  
  72  18:46  Missile Turret  
  72  18:48  Viking x2  
  72  18:49  Missile Turret  
  72  18:55  Missile Turret  
  76  18:58  SCV  
  77  19:09  Viking  
  79  19:10  SCV  
  79  19:13  Viking  
  82  19:20  Terran Ship Weapons Level 2  
  82  19:23  SCV  
  83  19:35  SCV  
  84  19:47  SCV  
  55  20:43  Missile Turret  
  55  20:46  Missile Turret  
  55  20:52  Viking x2  
  55  20:53  Viking  
  55  20:54  Viking  
  63  21:22  Viking  
  65  21:28  Command Center  
  65  21:30  Missile Turret  
  57  21:41  Viking  
  57  21:42  Viking  
  59  22:01  Refinery  
  59  22:11  Viking x2  
  59  22:12  Viking x2  
  67  22:41  Viking x2  
  67  22:42  Viking x2  
  67  22:43  Terran Vehicle Weapons Level 2  
  75  22:49  Planetary Fortress  
  75  22:55  SCV  
  76  23:08  SCV  
  77  23:12  Refinery  
  77  23:17  Viking x2  
  81  23:20  SCV  
  81  23:21  Viking x2  
  86  23:31  SCV  
  86  23:32  SCV  
  88  23:43  SCV  
  88  23:44  SCV  
  90  23:55  SCV  
  90  23:56  SCV  
  92  24:07  SCV  
  92  24:08  SCV  
  94  24:20  SCV x2  
  94  24:22  Viking x4  
  104  24:36  Missile Turret  
  104  24:38  Missile Turret  
  102  24:51  Viking  
  102  24:52  Viking x3  
  63  26:31  Refinery  
Show
View Real Time Build Order
Export as new Build Order

LawfulFelafe Zerg 

Build Orders: Hatch First, Brood Lord Corruptor 

Get SALT Encoding   

  12  0:19  Drone  
  12  0:21  Overlord  
  13  0:23  Drone  
  14  0:39  Drone  
  15  0:44  Drone  
  16  0:57  Hatchery  
  15  1:12  Spawning Pool  
  15  1:16  Drone  
  15  1:17  Drone  
  16  1:18  Drone  
  17  1:29  Extractor  
  16  1:45  Drone  
  16  1:46  Overlord  
  17  2:07  Queen  
  19  2:12  Drone  
  19  2:13  Hatchery  
  19  2:14  Drone  
  20  2:28  Zergling x2  
  21  2:30  Zergling x2  
  22  2:56  Drone x2  
  22  2:58  Queen  
  24  3:03  Drone x2  
  24  3:05  Overlord  
  28  3:18  Lair  
  28  3:30  Extractor  
  27  3:36  Drone x2  
  29  3:48  Spore Crawler  
  28  4:02  Zergling x2, Drone x3  
  32  4:04  Zergling x4  
  34  4:13  Drone x3  
  37  4:21  Queen  
  39  4:39  Spire  
  38  4:47  Overlord, Infestation Pit  
  38  4:49  Drone x2  
  37  5:05  Overlord  
  37  5:07  Overlord  
  37  5:08  Drone  
  38  5:24  Zergling x4  
  38  5:25  Zergling x2  
  41  5:34  Zergling x8  
  45  5:46  Metabolic Boost  
  45  5:53  Baneling Nest  
  44  6:02  Overlord, Spine Crawler  
  43  6:06  Zergling x4  
  43  6:07  Zergling x4  
  47  6:14  Extractor  
  46  6:24  Drone x2  
  48  6:55  Zergling x4, Drone x2  
  48  6:56  Zergling x2  
  53  7:10  Spore Crawler  
  52  7:19  Drone  
  53  7:26  Mutalisk  
  55  7:30  Mutalisk  
  55  7:31  Mutalisk  
  59  7:37  Zergling x4  
  59  7:40  Zergling x6  
  59  7:42  Hive  
  64  7:48  Spire  
  63  7:58  Hatchery  
  62  7:59  Overlord  
  62  8:06  Drone x5  
  62  8:07  Drone x3  
  63  8:39  Queen  
  65  8:47  Overlord x3  
  65  8:51  Zergling x2  
  45  9:19  Corruptor  
  45  9:20  Corruptor  
  45  9:22  Corruptor  
  45  9:23  Corruptor  
  53  9:24  Corruptor  
  53  9:26  Corruptor  
  57  9:33  Zerg Flyer Weapons Level 1  
  57  9:36  Greater Spire  
  57  9:43  Extractor  
  56  9:58  Zergling x10  
  61  10:14  Overlord x3  
  61  10:30  Corruptor x3  
  61  10:31  Corruptor x3  
  73  10:43  Drone  
  73  10:48  Zergling x6  
  77  10:50  Corruptor x2  
  81  11:07  Mutalisk  
  81  11:08  Drone x2  
  80  11:30  Zergling x6  
  82  11:36  Corruptor  
  82  11:38  Corruptor  
  88  11:48  Brood Lord  
  86  12:18  Brood Lord  
  86  12:20  Brood Lord  
  86  12:22  Brood Lord  
  92  12:28  Spore Crawler  
  92  12:29  Queen  
  93  12:36  Overlord  
  93  12:41  Corruptor x2  
  84  13:10  Queen  
  81  13:17  Zergling x2  
  81  13:18  Zergling x4  
  83  13:22  Hydralisk Den  
  82  13:30  Zergling x12  
  88  13:41  Corruptor x5  
  88  13:43  Corruptor  
  88  14:02  Spine Crawler  
  77  14:24  Brood Lord  
  77  14:26  Brood Lord  
  81  14:32  Spore Crawler  
  80  14:54  Hydralisk x3  
  86  15:12  Extractor  
  85  15:16  Drone x2, Mutalisk  
  80  15:52  Drone  
  80  15:53  Drone x4  
  85  16:17  Queen  
  85  16:37  Hydralisk x3  
  87  17:29  Queen  
  87  17:31  Spine Crawler  
  87  17:32  Spine Crawler  
  87  17:52  Hydralisk  
  87  17:53  Hydralisk x4  
  86  18:21  Queen  
  88  18:29  Drone x5  
  93  18:46  Hydralisk x3  
  99  18:52  Extractor  
  98  19:02  Spine Crawler  
  97  19:26  Hydralisk x3  
  97  19:27  Hydralisk x2  
  99  20:14  Spine Crawler  
  99  20:18  Spore Crawler  
  45  20:57  Corruptor x5  
  55  21:12  Drone x2, Mutalisk  
  55  21:13  Drone  
  58  21:41  Brood Lord  
  60  22:00  Corruptor  
  62  22:03  Hydralisk x4  
  70  22:24  Extractor  
  67  22:47  Brood Lord  
  67  22:48  Brood Lord  
  71  23:10  Zergling x10  
  71  23:11  Zergling x8  
  68  25:00  Hydralisk x4  
  68  25:01  Hydralisk x2  
  34  26:18  Queen  
Tags
 
League
Silver
Matchup
TvZ
Spawn Locations
Cross Positions
Add a new tag
Caveats
  • Supply blocks, unpowered buildings, or Contaminate may cause inaccurate times.
  • Supply counts are checked every 10 seconds.